 Dungeon Crawl Stone Soup version 0.29.0-4-gdea44cf6ec (webtiles) character file.

Game seed: 2218773218832016365

65 qw the Sneak (level 4, -4/28 HPs)
             Began as a Gargoyle Delver on Sept 10, 2022.
             Killed from afar by an orc wizard (11 damage)
             ... with a puff of flame
             ... on level 4 of the Dungeon.
             The game lasted 00:00:18 (883 turns).

qw the Sneak (Gargoyle Delver)                       Turns: 883, Time: 00:00:18

Health: -4/28      AC:  6    Str: 17    XL:     4   Next: 13%
Magic:  4/4        EV: 11    Int: 11    God:
Gold:   33         SH:  0    Dex: 11    Spells: 3/3 levels left

rFire   . . .      SeeInvis .   h - +0 war axe
rCold   . . .      Faith    .   (no shield)
rNeg    + . .      Spirit   .   b - +0 leather armour
rPois   inf        Reflect  .   (no helmet)
rElec   +          Harm     .   (no cloak)
rCorr   .          Rampage  .   (no gloves)
Will    .....                   (no boots)
Stlth   +++.......              (no amulet)
HPRegen 0.09/turn               (no ring)
MPRegen 0.09/turn               (no ring)

@: no status effects
A: sickness immunity, AC +3, negative energy resistance 1, electricity
resistance, torment resistance 1, petrification resistance
a: no special abilities


You were on level 4 of the Dungeon.
You visited 1 branch of the dungeon, and saw 2 of its levels.

You collected 33 gold pieces.


Innate Abilities, Weirdness & Mutations

You are immune to sickness and miasma.
Your stone body is resilient. (AC +3)
You are immune to poison.
You resist negative energy. (rN+)
You are resistant to electric shocks. (rElec)
You are resistant to unholy torment.
You are immune to petrification.


   Skills:
 - Level 3.2 Fighting
 + Level 3.9 Axes
 - Level 1.5 Dodging
 - Level 5.4 Stealth


You had 3 spell levels left.
You didn't know any spells.
Your spell library was empty.

Inventory:

Hand Weapons
 c - a +0 whip
 h - a +0 war axe (weapon)
Armour
 a - a +0 plate armour
 b - a +0 leather armour (worn)
Jewellery
 d - a ring of wizardry
Wands
 g - a wand of digging (3)
Potions
 f - a potion of haste

Dungeon Overview and Level Annotations

Branches:
Dungeon (5/15)
 Temple: D:4-7

Altars:
Gozag
Qazlal

Shops:
D:4 *

Annotations:
D:4 3 runed translucent doors, qw's ghost, weakling GrDe


Message History

The orc wizard curses noisily.
867 ||| Stepping ~*~*~tactically~*~*~ (hiding).
You start waiting.
An orc wizard is nearby!
A kobold comes into view. It is wielding a +0 short sword.
The kobold moves out of view.
You closely miss the orc wizard.
The orc wizard casts a spell.
The orc wizard flickers and vanishes!
Deactivating autopickup; reactivate with Ctrl-A.
You hit something but do no damage. Something hits you but does no damage.
You hear some strange, mumbled words.
A magic dart appears from out of thin air!
The magic dart hits you!
You barely miss something.
You hear some strange, mumbled words.
A magic dart appears from out of thin air!
The magic dart hits you but does no damage.
You closely miss something. Something hits you.
877 ||| Stepping ~*~*~tactically~*~*~ (stealth).
You closely miss something. Something hits you.
You closely miss something. Something hits you but does no damage.
You hear some strange, mumbled words.
A magic dart appears from out of thin air!
The magic dart hits you.
880 ||| Stepping ~*~*~tactically~*~*~ (stealth).
You miss something. Something hits you but does no damage.
You miss something. Something hits you.
You slash something! Something hits you but does no damage.
You hear some strange, mumbled words.
A puff of flame appears from out of thin air!
The puff of flame hits you!
You die...

.. #.# g. #W# ###.###.#
........# ........# #.......#
#....# .. #..## ###.# ...#...#
###@{.# #### ..#...#
##.....#####..###
.....###......#...#....#
#....##..###.#........#
#....#...# #.#...#....#
..####..%.#...##..#.###...###
..................#..#......###
########.###########...........#
....¤.¤...#..###........¤.....##


There were no monsters in sight!

Vanquished Creatures
  A hound (D:4)
  2 adders (D:4)
  3 adder zombies (D:4)
  A ball python (D:4)
  An endoplasm (D:4)
  A quokka (D:4)
  A goblin (D:4)
  A kobold (D:4)
11 creatures vanquished.

Vanquished Creatures (others)
  6 withered plants (D:4)
6 creatures vanquished.

Grand Total: 17 creatures vanquished

Notes
Turn   | Place    | Note
-------+----------+-------------------------------------------
     0 | D:5      | qw the Gargoyle Delver began the quest for the Orb.
     0 | D:5      | Reached XP level 1. HP: 14/14 MP: 1/1
     0 | D:5      | 0 ||| qw: Version: 0.1-a-116-g5d60599
     0 | D:5      | 0 ||| qw: Game counter: 9045
     0 | D:5      | 0 ||| qw: Always use a shield: true
     0 | D:5      | 0 ||| qw: God list: Okawaru
     0 | D:5      | 0 ||| qw: Allow faded altars: false
     0 | D:5      | 0 ||| qw: Do Orc after D:15 true
     0 | D:5      | 0 ||| qw: Do second Lair branch before Depths: true
     0 | D:5      | 0 ||| qw: Lair rune preference: random
     0 | D:5      | 0 ||| qw: Plans: Normal
     0 | D:5      | 0 ||| PLANNING D:1-11
     7 | D:5      | 7 ||| SWAPPING to +0 war axe.
     8 | D:5      | 8 ||| DROPPING +0 hand axe.
     9 | D:5      | 9 ||| DROPPING scroll of fog.
    10 | D:5      | 10 ||| DROPPING scroll of magic mapping.
    11 | D:5      | 11 ||| DROPPING scroll of fear.
    18 | D:4      | 18 ||| PLANNING SEWER
   227 | D:4      | Reached XP level 2. HP: 19/19 MP: 2/2
   257 | D:4      | Reached skill level 3 in Axes
   257 | D:4      | Reached XP level 3. HP: 7/23 MP: 3/3
   476 | D:4      | Found Gopuxim's Elemental Accessories.
   514 | D:4      | Found a stormy altar of Qazlal.
   568 | D:4      | 568 ||| Stepping ~*~*~tactically~*~*~ (stealth).
   585 | D:4      | Reached XP level 4. HP: 26/28 MP: 4/4
   600 | D:4      | Found a runed translucent gate.
   601 | D:4      | Found a runed translucent gate.
   602 | D:4      | Found a runed translucent gate.
   603 | D:4      | Found an opulent altar of Gozag.
   604 | D:4      | Noticed a bullfrog
   610 | D:4      | Noticed qw's ghost (weakling GrDe)
   620 | D:4      | 620 ||| DROPPING +0 club.
   730 | D:4      | 730 ||| RIP SEWER
   731 | D:4      | 731 ||| PLANNING D:1-11
   743 | D:4      | 743 ||| Stepping ~*~*~tactically~*~*~ (hiding).
   747 | D:4      | 747 ||| Stepping ~*~*~tactically~*~*~ (stealth).
   852 | D:4      | 852 ||| Stepping ~*~*~tactically~*~*~ (hiding).
   861 | D:4      | Noticed a phantom
   862 | D:4      | 862 ||| Stepping ~*~*~tactically~*~*~ (stealth).
   864 | D:4      | 864 ||| Stepping ~*~*~tactically~*~*~ (stealth).
   867 | D:4      | 867 ||| Stepping ~*~*~tactically~*~*~ (hiding).
   877 | D:4      | 877 ||| Stepping ~*~*~tactically~*~*~ (stealth).
   880 | D:4      | 880 ||| Stepping ~*~*~tactically~*~*~ (stealth).
   882 | D:4      | HP: 7/28 [something (2)]
   883 | D:4      | Killed from afar by an orc wizard

Levels and vault maps discovered:
D:4:      minmay_recursive_quarters, layout_cave_pools,
          mainiacjoe_overflow_concentric_impassable, serial_undead,
          serial_undead_a, serial_undead_c, serial_undead_e, serial_undead_b,
          serial_undead_b, ebering_ghost_gozag, gup_sewer_entry_glass,
          corexii_shack, nicolae_elemental_shop, uniq_menkaure
D:5:      layout_basic, minmay_temple_entry_enclosed_plants, serial_glass,
          glass_columns_a, glass_columns_a, water_maze_lemuel, uniq_edmund,
          uniq_sigmund

Skill      XL: |  1  2 |
---------------+-------+-----
Axes           | 2 3 |  3.9
Fighting       | |  3.2
Dodging        | |  1.5
Stealth        | |  5.4

Action                   |  1- 3 |  4- 6 || total
-------------------------+-------+-------++-------
Melee: War axe           |    39 |    12 ||    51
Armor: Leather armour    |    29 |     6 ||    35
Dodge: Dodged            |    30 |     4 ||    34

Table legend:
 A = Non-vault XP
 B = Vault XP
 C = Vault XP percentage of total XP
 D = Non-vault monster count
 E = Vault monster count
 F = Vault count percentage of total count
                 A         B        C        D         E       F
            +---------+---------+-------+---------+---------+-------
      Total |      72 |      21 |  22.6 |       6 |       5 |  45.5
            +---------+---------+-------+---------+---------+-------
        D:4 |      72 |      21 |  22.6 |       6 |       5 |  45.5
            +---------+---------+-------+---------+---------+-------
